TOP OF THE 1ST |
Altoona Curve batting - Pitching for Mobile BayBears : RHP John Capparelli
|
Pitching: RHP John Capparelli
|
|
Batting: RHB Ron Corn
|
0-0: Called Strike 0-1: Ball 1-1: Ground out 4-3 (Groundball, 4S, EV 86.2 MPH)
|
Batting: LHB Phil DeCamp
|
0-0: Swinging Strike 0-1: Ball 1-1: Swinging Strike 1-2: Strikes out swinging
|
Batting: LHB Marc Carter
|
0-0: Ball 1-0: Fly out, F9 (Flyball, 89D, EV 90.6 MPH)
|
Top of the 1st over - 0 runs, 0 hits, 0 errors, 0 left on base; Altoona 0 - Mobile 0 |
BOTTOM OF THE 1ST |
Mobile BayBears batting - Pitching for Altoona Curve : LHP Ryan Rakoff
|
Pitching: LHP Ryan Rakoff
|
|
Batting: LHB Bob Myers
|
0-0: Ball 1-0: Ground out 4-3 (Groundball, 4, EV 106.2 MPH)
|
Batting: LHB Jeff Densmore
|
0-0: Swinging Strike 0-1: Ball 1-1: Foul Ball, location: 2F 1-2: Ball 2-2: Foul Ball, location: 2F 2-2: SINGLE (Groundball, 4MD, EV 106.2 MPH)
|
Batting: RHB Dustin Clark
|
0-0: Foul Ball, location: 2F 0-1: Foul Ball, location: 2F 0-2: Foul Ball, location: 2F 0-2: Fly out, F8 (Flyball, 8LM, EV 90.6 MPH)
|
Batting: RHB Chris Bittner
|
0-0: Ball 1-0: Ball Jeff Densmore is caught stealing 2nd base 2-4
|
Bottom of the 1st over - 0 runs, 1 hit, 0 errors, 0 left on base; Altoona 0 - Mobile 0 |
TOP OF THE 2ND |
Altoona Curve batting - Pitching for Mobile BayBears : RHP John Capparelli
|
Batting: RHB Zach Chmieleski
|
0-0: Ball 1-0: Hit by Pitch
|
Batting: RHB Matt Keef
|
0-0: Ball 1-0: Ball 2-0: Ball 3-0: Base on Balls Zach Chmieleski to second
|
Batting: SHB Mike Corley
|
0-0: Fielders Choice at 2nd, 4-6 (Groundball, 34D, EV 95.6 MPH) Zach Chmieleski to third
|
Batting: RHB John Goynes
|
0-0: Ball Mike Corley steals 2nd base 1-0: Fly out, F9 (Line Drive, 9S, EV 107.5 MPH) Lined into DP, 9-5 (Line Drive, 9S, EV 107.5 MPH)
|
Top of the 2nd over - 0 runs, 0 hits, 0 errors, 1 left on base; Altoona 0 - Mobile 0 |
BOTTOM OF THE 2ND |
Mobile BayBears batting - Pitching for Altoona Curve : LHP Ryan Rakoff
|
Batting: RHB Chris Bittner
|
0-0: Ball 1-0: Ball 2-0: Ball 3-0: Base on Balls
|
Batting: LHB Kevin Ferguson
|
0-0: Called Strike 0-1: Foul Ball, location: 2F 0-2: Ball 1-2: Ball 2-2: Ball 3-2: Fielders Choice at 2nd, 6-4 (Groundball, 56, EV 86.2 MPH)
|
Batting: LHB Soo-yeon Kym
|
0-0: Ball Kevin Ferguson is caught stealing 2nd base 2-6 1-0: Ground out 4-3 (Groundball, 4, EV 85.0 MPH)
|
Bottom of the 2nd over - 0 runs, 0 hits, 0 errors, 0 left on base; Altoona 0 - Mobile 0 |
TOP OF THE 3RD |
Altoona Curve batting - Pitching for Mobile BayBears : RHP John Capparelli
|
Batting: RHB Chris McCoy
|
0-0: Called Strike 0-1: Foul Ball, location: 2F 0-2: Strikes out swinging
|
Batting: RHB Pleun Smit
|
0-0: Called Strike 0-1: Called Strike 0-2: Strikes out swinging
|
Batting: RHB Ron Corn
|
0-0: Ball 1-0: Called Strike 1-1: Foul Ball, location: 2F 1-2: SINGLE (Line Drive, 89M, EV 87.5 MPH)
|
Batting: LHB Phil DeCamp
|
0-0: Called Strike 0-1: Ball 1-1: Foul Ball, location: 2F 1-2: Foul Ball, location: 2F 1-2: Ball Ron Corn steals 2nd, throwing error, E2 Ron Corn to third 2-2: Ball 3-2: Base on Balls
|
Batting: LHB Marc Carter
|
0-0: Called Strike 0-1: Ball 1-1: Ball 2-1: Swinging Strike 2-2: DOUBLE (Line Drive, 9LM, EV 98.1 MPH) Ron Corn scores Phil DeCamp to third Runner from 3rd tries for Home, SAFE, no throw by RF
|
Batting: RHB Zach Chmieleski
|
0-0: SINGLE (Flyball, 5D, EV 89.4 MPH) Marc Carter to third Runner from 3rd tries for Home, throw by LF and OUT! 7-2
|
Top of the 3rd over - 2 runs, 3 hits, 1 error, 1 left on base; Altoona 2 - Mobile 0 |
BOTTOM OF THE 3RD |
Mobile BayBears batting - Pitching for Altoona Curve : LHP Ryan Rakoff
|
Batting: RHB Curt Barrett
|
0-0: Foul Ball, location: 2F 0-1: Foul Ball, location: 2F 0-2: Ball 1-2: Ball 2-2: Strikes out swinging
|
Batting: RHB Franklin Villanueva
|
0-0: Ball 1-0: Ball 2-0: Called Strike 2-1: SOLO HOME RUN (Flyball, 7D, EV 97.5 MPH), Distance : 381 ft
|
Batting: LHB T.J. Duvall
|
0-0: Ball 1-0: Called Strike 1-1: Ball 2-1: Called Strike 2-2: Strikes out swinging
|
Batting: LHB Bob Myers
|
0-0: Ball 1-0: Called Strike 1-1: Swinging Strike 1-2: Foul Ball, location: 2F 1-2: Ball 2-2: Ground out U3 (Groundball, 34, EV 85.0 MPH)
|
Bottom of the 3rd over - 1 run, 1 hit, 0 errors, 0 left on base; Altoona 2 - Mobile 1 |
TOP OF THE 4TH |
Altoona Curve batting - Pitching for Mobile BayBears : RHP John Capparelli
|
Batting: RHB Matt Keef
|
0-0: Ball 1-0: Ball 2-0: Ball 3-0: Called Strike 3-1: Called Strike 3-2: Ground out 6-3 (Groundball, 56, EV 101.9 MPH)
|
Batting: SHB Mike Corley
|
0-0: Ball 1-0: Ball 2-0: Called Strike 2-1: Fly out, F8 (Flyball, 78M, EV 90.0 MPH)
|
Batting: RHB John Goynes
|
0-0: Ball 1-0: Ball 2-0: DOUBLE (Flyball, 8RXD, EV 98.8 MPH)
|
Batting: RHB Chris McCoy
|
0-0: Called Strike 0-1: Swinging Strike 0-2: Ball 1-2: Strikes out looking
|
Top of the 4th over - 0 runs, 1 hit, 0 errors, 1 left on base; Altoona 2 - Mobile 1 |
BOTTOM OF THE 4TH |
Mobile BayBears batting - Pitching for Altoona Curve : LHP Ryan Rakoff
|
Batting: LHB Jeff Densmore
|
0-0: Ball 1-0: Ball 2-0: SINGLE (Groundball, 23, EV 70.0 MPH) (infield hit)
|
Batting: RHB Dustin Clark
|
0-0: Ball 1-0: Called Strike 1-1: Swinging Strike 1-2: Strikes out swinging
|
Batting: RHB Chris Bittner
|
0-0: Ball 1-0: Called Strike Jeff Densmore is caught stealing 2nd base 2-4 1-1: Fly out, F9 (Flyball, 9D, EV 103.8 MPH)
|
Bottom of the 4th over - 0 runs, 1 hit, 0 errors, 0 left on base; Altoona 2 - Mobile 1 |
TOP OF THE 5TH |
Altoona Curve batting - Pitching for Mobile BayBears : RHP John Capparelli
|
Batting: RHB Pleun Smit
|
0-0: Ball 1-0: Ball 2-0: Ball 3-0: Called Strike 3-1: SINGLE (Groundball, 4M, EV 103.8 MPH)
|
Batting: RHB Ron Corn
|
0-0: SINGLE (Flyball, 6MD, EV 95.0 MPH) Pleun Smit to second
|
Batting: LHB Phil DeCamp
|
0-0: Called Strike 0-1: Foul Ball, location: 2F 0-2: Strikes out looking
|
Batting: LHB Marc Carter
|
0-0: Fly out, F9 (Flyball, 9, EV 90.0 MPH)
|
Batting: RHB Zach Chmieleski
|
0-0: Fielders Choice at 2nd, 5-4 (Groundball, 56, EV 83.1 MPH)
|
Top of the 5th over - 0 runs, 2 hits, 0 errors, 2 left on base; Altoona 2 - Mobile 1 |
BOTTOM OF THE 5TH |
Mobile BayBears batting - Pitching for Altoona Curve : LHP Ryan Rakoff
|
Batting: LHB Kevin Ferguson
|
0-0: Ball 1-0: Foul Ball, location: 2F 1-1: Ball 2-1: Called Strike 2-2: Ball 3-2: Foul Ball, location: 2F 3-2: Base on Balls
|
Batting: LHB Soo-yeon Kym
|
|
Pinch Hitting: RHB Edgar Garcia
|
0-0: Called Strike 0-1: Ball Kevin Ferguson steals 2nd base 1-1: Ball 2-1: Fly out, F9 (Line Drive, 9S, EV 95.6 MPH)
|
Batting: RHB Curt Barrett
|
0-0: Ball 1-0: Called Strike 1-1: Ground out 6-3 (Groundball, 6, EV 90.6 MPH) Kevin Ferguson to third
|
Batting: RHB Franklin Villanueva
|
0-0: Ball 1-0: Swinging Strike 1-1: Called Strike 1-2: Ball 2-2: Ball 3-2: Foul Ball, location: 2F 3-2: Strikes out swinging
|
Bottom of the 5th over - 0 runs, 0 hits, 0 errors, 1 left on base; Altoona 2 - Mobile 1 |
TOP OF THE 6TH |
Altoona Curve batting - Pitching for Mobile BayBears : RHP John Capparelli
|
Now at 2B: Edgar Garcia
|
|
Batting: RHB Matt Keef
|
0-0: Swinging Strike 0-1: Ball 1-1: Ground out 6-3 (Groundball, 6, EV 81.9 MPH)
|
Batting: SHB Mike Corley
|
0-0: Foul Ball, location: 2F 0-1: Ground out 4-3 (Groundball, 4, EV 90.0 MPH)
|
Batting: RHB John Goynes
|
0-0: Called Strike 0-1: Foul Ball, location: 2F 0-2: Ground out 4-3 (Groundball, 4D, EV 86.9 MPH)
|
Top of the 6th over - 0 runs, 0 hits, 0 errors, 0 left on base; Altoona 2 - Mobile 1 |
BOTTOM OF THE 6TH |
Mobile BayBears batting - Pitching for Altoona Curve : LHP Ryan Rakoff
|
Batting: LHB T.J. Duvall
|
0-0: Swinging Strike 0-1: Fly out, F8 (Flyball, 78D, EV 103.8 MPH)
|
Batting: LHB Bob Myers
|
0-0: Ball 1-0: Foul Ball, location: 2F 1-1: Foul Ball, location: 2F 1-2: Foul Ball, location: 2F 1-2: Foul Ball, location: 2F 1-2: Fly out, F8 (Flyball, 8RXD, EV 96.2 MPH)
|
Batting: LHB Jeff Densmore
|
0-0: Ball 1-0: SINGLE (Groundball, 56, EV 106.2 MPH)
|
Batting: RHB Dustin Clark
|
0-0: Ball 1-0: Foul Ball, location: 2F 1-1: Foul Ball, location: 2F 1-2: Ball 2-2: Foul Ball, location: 2F 2-2: Foul Ball, location: 2F 2-2: Foul Ball, location: 2F 2-2: Foul Ball, location: 2F 2-2: SINGLE (Flyball, 4MD, EV 91.2 MPH) Jeff Densmore to second Runner from 2nd tries for 3rd, SAFE after rundown.
|
Batting: RHB Chris Bittner
|
0-0: Ball 1-0: Called Strike 1-1: Called Strike 1-2: Ball 2-2: Foul Ball, location: 2F 2-2: Strikes out looking
|
Bottom of the 6th over - 0 runs, 2 hits, 0 errors, 2 left on base; Altoona 2 - Mobile 1 |
TOP OF THE 7TH |
Altoona Curve batting - Pitching for Mobile BayBears : RHP John Capparelli
|
Batting: RHB Chris McCoy
|
0-0: Ball 1-0: Swinging Strike 1-1: Ground out U3 (Groundball, 3, EV 106.2 MPH)
|
Batting: RHB Pleun Smit
|
0-0: Ball 1-0: Swinging Strike 1-1: Ball 2-1: Ball 3-1: Base on Balls
|
Batting: RHB Ron Corn
|
0-0: Called Strike 0-1: Ball 1-1: Fly out, F7 (Flyball, 7S, EV 80.0 MPH)
|
Batting: LHB Phil DeCamp
|
0-0: Called Strike 0-1: SINGLE (Groundball, 4D, EV 96.9 MPH) Pleun Smit to second Runner from 2nd tries for 3rd, SAFE, throw by RF made to third
|
Batting: LHB Marc Carter
|
0-0: Ball 1-0: Fly out, F8 (Line Drive, 8RD, EV 106.9 MPH)
|
Top of the 7th over - 0 runs, 1 hit, 0 errors, 2 left on base; Altoona 2 - Mobile 1 |
BOTTOM OF THE 7TH |
Mobile BayBears batting - Pitching for Altoona Curve : LHP Ryan Rakoff
|
Pitching: RHP Doug Rawson
|
|
Batting: LHB Kevin Ferguson
|
0-0: Swinging Strike 0-1: Ball 1-1: Foul Ball, location: 2F 1-2: Foul Ball, location: 2F 1-2: Strikes out looking
|
Batting: RHB Edgar Garcia
|
0-0: Ground out 5-3 (Groundball, 56S, EV 86.9 MPH)
|
Batting: RHB Curt Barrett
|
0-0: Foul Ball, location: 2F 0-1: Called Strike 0-2: Foul Ball, location: 2F 0-2: Ball 1-2: Reached on error, E5 (Groundball, 5L, EV 86.9 MPH)
|
Batting: RHB Franklin Villanueva
|
0-0: Called Strike 0-1: Ball 1-1: Called Strike 1-2: Strikes out swinging
|
Bottom of the 7th over - 0 runs, 0 hits, 1 error, 1 left on base; Altoona 2 - Mobile 1 |
TOP OF THE 8TH |
Altoona Curve batting - Pitching for Mobile BayBears : RHP John Capparelli
|
Pitching: LHP Sean Zech
|
|
Batting: RHB Zach Chmieleski
|
0-0: Swinging Strike 0-1: Swinging Strike 0-2: Strikes out swinging
|
Batting: RHB Matt Keef
|
0-0: Swinging Strike 0-1: Ball 1-1: Foul Ball, location: 2F 1-2: Strikes out looking
|
Batting: SHB Mike Corley
|
0-0: Ball 1-0: TRIPLE (Line Drive, 89XD, EV 95.6 MPH)
|
Batting: RHB John Goynes
|
0-0: Called Strike 0-1: Ground out 4-3 (Groundball, 4, EV 82.5 MPH)
|
Top of the 8th over - 0 runs, 1 hit, 0 errors, 1 left on base; Altoona 2 - Mobile 1 |
BOTTOM OF THE 8TH |
Mobile BayBears batting - Pitching for Altoona Curve : RHP Doug Rawson
|
Batting: LHB T.J. Duvall
|
0-0: Called Strike 0-1: SINGLE (Line Drive, 7LS, EV 93.8 MPH)
|
Batting: LHB Bob Myers
|
0-0: Called Strike 0-1: Ball 1-1: Foul Ball, location: 2F 1-2: Ball 2-2: Foul Ball, location: 2F 2-2: Ball 3-2: Ground out 5-3 (Groundball, 56S, EV 68.1 MPH) T.J. Duvall to second
|
Batting: LHB Jeff Densmore
|
0-0: Called Strike 0-1: Foul Ball, location: 2F 0-2: Strikes out swinging
|
Batting: RHB Dustin Clark
|
0-0: Hit by Pitch
|
Batting: RHB Chris Bittner
|
0-0: Called Strike 0-1: Called Strike 0-2: Foul Ball, location: 2F 0-2: Strikes out looking
|
Bottom of the 8th over - 0 runs, 1 hit, 0 errors, 2 left on base; Altoona 2 - Mobile 1 |
TOP OF THE 9TH |
Altoona Curve batting - Pitching for Mobile BayBears : LHP Sean Zech
|
Pitching: RHP Nobuo Okazaki
|
|
Batting: RHB Chris McCoy
|
0-0: Ball 1-0: Ground out 3-1 (Groundball, 34, EV 110.6 MPH)
|
Batting: RHB Pleun Smit
|
0-0: Ground out 5-3 (Groundball, 15, EV 85.0 MPH)
|
Batting: RHB Ron Corn
|
0-0: Called Strike 0-1: Fly out, F7 (Flyball, 7, EV 95.0 MPH)
|
Top of the 9th over - 0 runs, 0 hits, 0 errors, 0 left on base; Altoona 2 - Mobile 1 |
BOTTOM OF THE 9TH |
Mobile BayBears batting - Pitching for Altoona Curve : RHP Doug Rawson
|
Pitching: RHP Robby Poyfair
|
|
Now at C: Matt Keef
|
|
Now at 1B: Terry Sutherland
|
|
Now at 2B: Curtis Thompson
|
|
Now in LF: Jordan Robinson
|
|
Batting: LHB Kevin Ferguson
|
0-0: Called Strike 0-1: Ball 1-1: Foul Ball, location: 2F 1-2: Strikes out looking
|
Batting: RHB Edgar Garcia
|
0-0: Ball 1-0: Foul Ball, location: 2F 1-1: Foul Ball, location: 2F 1-2: Strikes out looking
|
Pinch Hitting: LHB Enrique Andrade
|
0-0: Ball 1-0: Ball 2-0: Ball 3-0: Called Strike 3-1: Foul Ball, location: 2F 3-2: Foul Ball, location: 2F 3-2: Foul Ball, location: 2F 3-2: Base on Balls
|
Batting: RHB Franklin Villanueva
|
0-0: Foul Ball, location: 2F 0-1: Called Strike 0-2: Ball 1-2: Ball 2-2: Ball 3-2: Base on Balls Enrique Andrade to second
|
Batting: LHB T.J. Duvall
|
0-0: Called Strike 0-1: Ball 1-1: Fly out, F8 (Flyball, 8RM, EV 89.4 MPH)
|
Bottom of the 9th over - 0 runs, 0 hits, 0 errors, 2 left on base; Altoona 2 - Mobile 1 |
|